 Dungeon Crawl Stone Soup version 0.30.0-10-gfe55d96785 (webtiles) character file.

Game seed: 6705571148349013274

415 math4jedi the Chopper (level 6, -2/84 HPs)
             Began as a Minotaur Berserker on May 13, 2023.
             Was a Believer of Trog.
             Slain by an orc
             ... wielding a +0 trident
              (5 damage)
             ... on level 4 of the Dungeon.
             The game lasted 00:06:58 (2565 turns).

math4jedi the Chopper (Minotaur Berserker)          Turns: 2565, Time: 00:06:58

Health: -2/84      AC:  8    Str: 24    XL:     6   Next: 60%
Magic:  5/5        EV: 11    Int:  4    God:    Trog [**....]
Gold:   162        SH:  0    Dex:  9    Spells: 5/5 levels left

rFire   . . .        a - +0 hand axe
rCold   . . .        (no shield)
rNeg    . . .        e - +0 scale mail
rPois   .            (helmet restricted)
rElec   .            (no cloak)
rCorr   .            (no gloves)
SInv    .            l - +0 pair of boots
Will    ++...        (no amulet) Stlth
                     (no ring)
HPRegen 1.34/turn    (no ring)
MPRegen 0.09/turn

%: no passive effects
@: berserking, strong-willed, regenerating, very quick
A: horns 2, retaliatory headbutt
a: Renounce Religion, Berserk, Trog's Hand


You were on level 4 of the Dungeon.
You worshipped Trog.
Trog was pleased with you.
You visited 1 branch of the dungeon, and saw 4 of its levels.

You collected 162 gold pieces.

Inventory:

Hand Weapons
 a - a +0 hand axe (weapon)
 j - a +0 war axe
Armour
 b - a +0 animal skin
 e - a +0 scale mail (worn)
 l - a +0 pair of boots (worn)
Jewellery
 g - a ring of ice
Scrolls
 c - a scroll of magic mapping {unknown}
 f - a scroll of fog {unknown}
 h - a scroll of teleportation
 i - 2 scrolls of identify {unknown}
 k - a scroll of fear {unknown}
 m - a scroll of amnesia {unknown}
 n - a scroll of enchant armour {unknown}
Potions
 d - 2 potions of curing
 o - a potion of resistance {unknown}


   Skills:
 + Level 5.3 Fighting
 - Level 6.0 Axes
 + Level 4.5 Armour
 + Level 4.1 Dodging


You had 5 spell levels left.
You didn't know any spells.
Your spell library was empty.

Dungeon Overview and Level Annotations

Branches:
Dungeon (4/15)
 Temple: D:4-7

Altars:
Ru

Annotations:
D:4 Eustachio


Innate Abilities, Weirdness & Mutations

You have a pair of horns on your head.
You reflexively headbutt those who attack you in melee.


Message History

A magic dart appears from out of thin air!
The magic dart hits you!
The orc hits you from afar with a +0 trident.
The ball python completely misses you. You furiously retaliate!
You headbutt the ball python!
You kill the ball python!
Trog accepts your kill.
You hit something. You hit the orc priest. The orc hits you but does no damage.
Something hits you but does no damage. The orc priest barely misses you.
You furiously retaliate!
You headbutt the orc priest!
Unknown command.
You barely miss the orc priest.
The orc priest is almost dead.
You closely miss something. Something hits you but does no damage.
The orc priest hits you with a +0 club.
The orc hits you from afar with a +0 trident.
You hit the orc priest.
You kill the orc priest!
Trog accepts your kill.
You hit something but do no damage. The orc hits you but does no damage.
Something hits you but does no damage.
Your skin crawls.
You feel strong-willed. The orc hits you but does no damage.
The orc hits you with a +2 hand axe of electrocution.
You are electrocuted!
* * * LOW HITPOINT WARNING * * *
A red film seems to cover your vision as you go berserk!
You feel yourself moving faster!
You feel mighty! The orc completely misses you.
The orc hits you with a +2 hand axe of electrocution.
* * * LOW HITPOINT WARNING * * *
You are electrocuted!
* * * LOW HITPOINT WARNING * * *
Something hits you but does no damage.
You closely miss the orc. You punch the orc.
The orc is severely wounded.
You closely miss the orc priest. You completely miss something.
The orc hits you from afar with a +0 trident.
You die...

.. #.## ########
#.... ........ #
#... #.....#
..$...# #.....#
....#o. #.....#
......o####...)[#
......o@........#
.####.))........#
##.....<....#
###........#
#..#.##..##
.....#.. #.#
.###.#### ..) ...
... #...


You could see an orc priest and 2 orcs.

Vanquished Creatures
  An ogre (D:3)
  2 orc priests (D:4)
  An iguana (D:4)
  An orc wizard (D:3)
  Natasha (thrice) (D:3)
  4 gnolls
  2 adders (D:3)
  4 dart slugs
  9 orcs
  An endoplasm (D:1)
  3 giant cockroaches (D:1)
  11 goblins
  9 hobgoblins
  2 jackals (D:2)
  4 quokkas
  10 ball pythons
  6 bats
  A frilled lizard (D:1)
  3 kobolds (D:1)
  3 rats
80 creatures vanquished.

Notes
Turn   | Place    | Note
-------+----------+-------------------------------------------
     0 | D:1      | math4jedi the Minotaur Berserker began the quest for the
                  | Orb.
     0 | D:1      | Reached XP level 1. HP: 19/19 MP: 0/0
    60 | D:1      | Reached skill level 4 in Axes
   135 | D:1      | Reached XP level 2. HP: 20/26 MP: 1/1
   248 | D:1      | Reached skill level 5 in Axes
   286 | D:1      | Reached XP level 3. HP: 31/31 MP: 2/2
   640 | D:2      | Reached ** piety under Trog
   877 | D:2      | Reached skill level 6 in Axes
   877 | D:2      | Reached XP level 4. HP: 9/40 MP: 3/3
  1695 | D:3      | Noticed Natasha
  1698 | D:3      | Killed Natasha
  1818 | D:3      | Noticed an ogre
  1826 | D:3      | Killed an ogre
  1827 | D:3      | Reached XP level 5. HP: 21/47 MP: 4/4
  2007 | D:3      | Noticed Natasha
  2017 | D:3      | Killed Natasha
  2041 | D:3      | Found a sacrificial altar of Ru.
  2098 | D:3      | Reached XP level 6. HP: 45/53 MP: 5/5
  2350 | D:3      | Noticed Natasha
  2354 | D:3      | Killed Natasha
  2355 | D:3      | Reached skill level 5 in Fighting
  2405 | D:4      | Noticed Eustachio
  2564 | D:4      | HP: 2/84 [orc/+2 hand axe of electrocution (17)]
  2565 | D:4      | Slain by an orc

Illustrated notes

Levels and vault maps discovered:
D:1:      minmay_arrival_arboretum_small, layout_basic
D:2:      cheibrodos_greedy_goblins, layout_loops_corners
D:3:      layout_basic, mainiacjoe_overflow_surrounded_room,
          serial_corexii_hall, corexii_hall_statues_s, corexii_hall_statues_x,
          hangedman_abyss_or_decor_lesser_grid, uniq_natasha
D:4:      layout_rooms, nicolae_overflow_crystal_walls,
          chequers_temple_overflow_statue_of_worship, nicolae_underground_beach,
          uniq_eustachio

Skill      XL: |  1  2  3  4  5  6 |
---------------+-------------------+-----
Axes           | 4 5 6 |  6.0
Fighting       | 4 5 |  5.3
Armour         | 3 4 |  4.5
Dodging        | 3 4 |  4.1

Action                     |  1- 3 |  4- 6 || total
---------------------------+-------+-------++-------
  Melee: Hand axe          |    68 |   112 ||   180
         Headbutt          |     8 |    15 ||    23
         Punch             |       |     1 ||     1
 Invoke: Trog's Hand       |     1 |     8 ||     9
         Berserk           |       |     1 ||     1
    Use: Scroll            |       |     1 ||     1
         Potion            |       |     1 ||     1
 Armour: Animal skin       |     2 |       ||     2
         Scale mail        |    22 |    57 ||    79
  Dodge: Dodged            |    44 |    82 ||   126
